 Dungeon Crawl Stone Soup version 0.31-a0-986-g5e6e4ef867 (webtiles) character file.

Game seed: 11252226277484361260

38964 croobank the Spry (level 13, -4/64 HPs)
             Began as a Felid Summoner on Nov 13, 2023.
             Was an Initiate of Gozag.
             Slain by a nameless horror (30 damage)
             ... created by miscasting Summon Hydra
             ... on level 5 of the Lair of Beasts.
             The game lasted 01:27:21 (24563 turns).

croobank the Spry (Felid Summoner)                 Turns: 24563, Time: 01:27:22

Health: -4/64      AC:  3    Str:  4    XL:     13   Next: 66%
Magic:  0/28       EV: 27    Int: 34    God:    Gozag
Gold:   2480       SH:  0    Dex: 16    Spells: 5/32 levels left
                                        Lives:  0   Deaths: 5

rFire   . . .        (weapon unavailable)
rCold   + . .        (shield unavailable)
rNeg    . . .        (body armour unavailable)
rPois   .            (helmet unavailable)
rElec   .            (cloak unavailable)
rCorr   .            (gloves unavailable)
SInv    +            (boots unavailable)
Will    +....        (no amulet)
Stlth   ++           x - +6 ring of intelligence
HPRegen 0.30/turn    J - +6 ring of intelligence
MPRegen 0.21/turn

%: no passive effects
@: beast-form, gold aura, very slightly contaminated, quick
A: beast (slay +0), very small, claws 1, fangs 3, see invisible, speed 1, shaggy
fur 3, stealthy paws, no weapons or thrown items, no armour, multi-lived
a: Begin Untransformation, Renounce Religion, Potion Petition, Call Merchant,
Bribe Branch


You were on level 5 of the Lair of Beasts.
You worshipped Gozag.
Gozag was most pleased with you.
You were a hulking beast.
You visited 3 branches of the dungeon, and saw 16 of its levels.
You also visited: Ossuary.

You collected 3033 gold pieces.
You spent 324 gold pieces at shops.
You paid 229 gold pieces to Gozag.

Inventory:

Jewellery
 r - a ring of magical power
 t - a ring of resist corrosion
 x - a +6 ring of intelligence (left paw)
 C - a ring of wizardry
 J - a +6 ring of intelligence (right paw)
Talismans
 b - a beast talisman (active)
Wands
 i - a wand of iceblast (9)
 m - a wand of flame (54)
 F - a wand of digging (6)
 G - a wand of mindburst (2)
 K - a wand of acid (4)
Scrolls
 d - 13 scrolls of teleportation
 e - 5 scrolls of identify
 f - 2 scrolls of torment
 o - 3 scrolls of fog
 s - 3 scrolls of fear
 v - 2 scrolls of immolation
 w - 4 scrolls of revelation
 y - 2 scrolls of blinking
 z - a scroll of poison
 B - 3 scrolls of vulnerability
 D - 2 scrolls of amnesia
 H - 2 scrolls of enchant weapon
 L - a scroll of summoning
Potions
 a - a potion of magic
 c - 2 potions of invisibility
 g - 2 potions of resistance
 h - 3 potions of haste
 k - 5 potions of curing
 l - 2 potions of attraction
 n - 2 potions of lignification
 p - a potion of might
 q - 3 potions of enlightenment
 u - a potion of brilliance
 A - 2 potions of mutation
 E - 2 potions of cancellation
Miscellaneous
 I - a sack of spiders (inert)


   Skills:
 + Level 11.9 Fighting
 + Level 15.6 Dodging
 - Level 2.6 Stealth
 + Level 10.1 Spellcasting
 - Level 5.0 Hexes
 + Level 10.2 Summonings
 * Level 2.8 Necromancy
 - Level 3.0 Translocations
 - Level 7.0 Air Magic
 * Level 2.4 Earth Magic


You had 5 spell levels left.
You knew the following spells:

 Your Spells              Type           Power      Damage    Failure   Level
a - Summon Small Mammal   Summ           100%       N/A       1%          1
b - Call Imp              Summ           100%       N/A       1%          2
c - Call Canine Familiar  Summ           72%        N/A       1%          3
d - Summon Guardian Gole  Hex/Summ       62%        N/A       1%          3
e - Summon Lightning Spi  Summ/Air       66%        N/A       1%          4
f - Borgnjor's Vile Clut  Necr/Erth      17%        N/A       24%         5
g - Summon Hydra          Summ           36%        N/A       32%         7
x - Blink                 Tloc           74%        N/A       1%          2

Your spell library contained the following spells:

 Spells                   Type           Power      Damage    Failure   Level
 Cigotuvi's Dreadful Rot  Necr/Pois/Air  78%        N/A       1%          2
 Ensorcelled Hibernation  Hex/Ice        68%        N/A       1%          2
 Lesser Beckoning         Tloc           74%        N/A       1%          2
 Poisonous Vapours        Pois/Air       82%        N/A       1%          2
 Sublimation of Blood     Necr           36%        N/A       1%          2
 Sigil of Binding         Hex            50%        N/A       1%          3
 Swiftness                Air            60%        N/A       1%          3
 Tukima's Dance           Hex            50%        N/A       1%          3
 Magic Dart               Conj           68%        1d6       2%          1
 Momentum Strike          Conj/Tloc      54%        3d9       2%          2
 Passwall                 Tmut/Erth      20%        N/A       2%          2
 Dazzling Flash           Conj/Hex       68%        N/A       2%          3
 Gell's Gravitas          Tloc           37%        N/A       2%          3
 Teleport Other           Tloc           37%        N/A       2%          3
 Mephitic Cloud           Conj/Pois/Air  33%        N/A       3%          3
 Cause Fear               Hex            25%        N/A       3%          4
 Wereblood                Tmut           17%        N/A       4%          2
 Leda's Liquefaction      Hex/Erth       21%        N/A       5%          4
 Silence                  Hex/Air        27%        N/A       6%          5
 Dispel Undead            Necr           36%        3d15      9%          4
 Iskenderun's Mystic Bla  Conj/Tloc      27%        2d7       14%         4
 Agony                    Necr           36%        N/A       22%         5
 Lee's Rapid Deconstruct  Erth           17%        3d10*     26%         5
 Freezing Cloud           Conj/Ice/Air   16%        6-21      28%         5
 Fireball                 Conj/Fire      8%         3d6       58%         5
 Death Channel            Necr           18%        N/A       77%         6
 Ozocubu's Refrigeration  Ice            8%         4d9       100%        7
 Dragon's Call            Summ           36%        N/A       100%        9
 Polar Vortex             Ice            8%         12d1*     100%        9
 Animate Armour           Summ/Erth      Unusable   N/A       N/A         4
 Dimensional Bullseye     Hex/Tloc       Unusable   N/A       N/A         4
 Animate Dead             Necr           Unusable   N/A       N/A         4
 Simulacrum               Ice/Necr       Unusable   N/A       N/A         6

Dungeon Overview and Level Annotations

Branches:
Dungeon (10/15)            Temple (1/1) D:5            Lair (5/5) D:8
 Shoals (0/4) Lair:3        Snake (0/4) Lair:2        Slime (0/5) Lair:5
    Orc (0/2) D:9         Ossuary (visited)

Altars:
Ashenzari
Cheibriados
Elyvilon
Fedhas
Gozag
Hepliaklqana
Kikubaaqudgha
Makhleb
Nemelex Xobeh
Okawaru
Qazlal
Ru
Trog
Vehumet
Wu Jian
Xom
Yredelemnul
Zin
The Shining One
Jiyva

Shops:
D:3 *

Annotations:
Lair:5 1 runed translucent door, Jaurgh's ghost, journeyman DsMo


Innate Abilities, Weirdness & Mutations

You are a hulking beast.
Your limbs bulge with bestial killing power. (Slay +0)
You have sharp claws.
You have razor-sharp teeth.
You have supernaturally acute eyesight. (SInv)
You cover ground quickly. (Speed+)
Your thick and shaggy fur keeps you warm. (AC +3, rC+)
Your paws help you pounce on unaware monsters.
You are incapable of wielding weapons or throwing items.
You cannot wear armour.
You gain extra lives every three experience levels.


Message History

You hear an angry hiss. x2
The komodo dragon bites your lightning spire!
Your lightning spire shoots out a bolt of lightning at the komodo dragon!
The bolt of electricity hits the komodo dragon!!
Aiming: Iceblast
Press: ? - help, Shift-Dir - straight line, p - nameless horror The mass of ice explodes!
The iceblast engulfs the nameless horror!
The nameless horror is lightly damaged.
Send 'em back where they came from!
Your lightning spire disappears in a puff of smoke!
Aiming: Iceblast
Press: ? - help, Shift-Dir - straight line, f - nameless horror
Aim: a nameless horror (lightly damaged, durably summoned)
The mass of ice explodes!
The iceblast engulfs the nameless horror!
The nameless horror is heavily damaged.
The iceblast engulfs the komodo dragon!!
You kill the komodo dragon!
The nameless horror attacks as it pursues you!
The nameless horror barely misses you.
Saving game... please wait.
Level annotation: 1 runed translucent door, Jaurgh's ghost, journeyman DsMo Welcome back, croobank the Felid Summoner.
Gozag says: Greed is good.
Press ? for a list of commands and other information.
Unknown command.
Aiming: Corrosive Bolt
Press: ? - help, Shift-Dir - straight line, f - nameless horror
Aim: a nameless horror (moderately damaged, durably summoned, 100% to hit)
The bolt of acid hits the nameless horror.
The acid corrodes the nameless horror!
The nameless horror is heavily damaged.
The nameless horror hits you!
You feel your power leaking away.
Cast which spell? (? or * to list)
A guardian golem appears, shielding your allies.
The nameless horror hits you!!
You die...
Your body crumbles into a pile of gold.

##.###P..........#
#....
##P.#....##.......##
....
.....#.............#
...
.............$.....##
.#
(...................#
##..................#
##..##+##.........##
##.#!$W#...X.....#
#.#P8P#...h....##
#####.....9..#
#......#.##
###.P.#### #####


You could see a nameless horror (corroded, ally target) and a friendly guardian
golem (summoned).

Vanquished Creatures
  A boulder beetle (Lair:1)
  2 komodo dragons
  A yak (D:8)
  3 nameless horrors
  A hell hound (Lair:5)
  An acid dragon (D:6)
  A bullfrog (Lair:4)
  An elf zombie (Ossuary)
  3 electric eels
  A human zombie (D:7)
  An orc priest (D:6)
  Terence (D:2)
  An adder (D:6)
  2 endoplasms
  2 giant cockroaches (D:1)
  3 goblins
  4 hobgoblins
  A jackal (D:2)
  2 quokkas
  4 bats
  A frilled lizard (D:2)
  2 hobgoblin zombies (Ossuary)
  A kobold (D:1)
  A kobold zombie (Ossuary)
  A rat (D:3)
  A rat zombie (Ossuary)
43 creatures vanquished.

Vanquished Creatures (collateral kills)
  Gastronok (Lair:1)
  2 hydras
  2 two-headed ogres
  Amaemon (Lair:1)
  A skyshark (Lair:3)
  Pikel (D:7)
  4 lindwurms (Lair:3)
  An oklob plant (Lair:2)
  A salamander (Lair:2)
  12 elephants
  A black mamba (Lair:3)
  9 cane toads
  2 molten gargoyles (Lair:5)
  Jeremiah (D:7)
  A kobold demonologist (D:10)
  3 komodo dragons
  A rime drake (Lair:2)
  3 merfolk (Lair:3)
  2 polar bears
  A hornet (D:10)
  10 blink frogs
  4 wyverns
  24 yaks
  6 basilisks
  2 acid dragons
  A hell hound (Lair:5)
  4 water moccasins
  3 orc warriors
  A black bear (D:4)
  A sky beast (D:6)
  3 ice beasts
  5 wolves (Lair:2)
  An ogre (D:4)
  2 centaurs
  2 phantoms
  2 kobold brigands (D:9)
  2 nameless horrors (Ossuary)
  11 bullfrogs
  A wyvern zombie (D:7)
  2 gnoll sergeants
  2 elf skeletons (D:7)
  5 scorpions
  8 wights
  A water moccasin zombie (D:7)
  A howler monkey (D:6)
  2 centaur zombies (Ossuary)
  3 lava snakes (Lair:2)
  6 jellies
  4 human zombies
  5 orc priests
  A hound (D:5)
  A gnoll bouda (D:7)
  5 iguanas
  4 orc wizards
  9 hell rats
  A killer bee zombie (D:7)
  3 mummies (Ossuary)
  2 howler monkey zombies (D:7)
  14 gnolls
  3 adders
  2 shadow imps
  2 white imps (D:7)
  2 adder zombies (Ossuary)
  2 worms
  A dart slug (D:5)
  42 orcs
  6 endoplasms
  3 giant cockroaches
  6 goblins
  4 hobgoblins
  7 jackals
  14 kobolds
  2 quokkas
  6 ball pythons
  4 bats
  2 frilled lizards
  2 goblin zombies (Ossuary)
  4 hobgoblin zombies (Ossuary)
  3 jackal zombies (Ossuary)
  3 kobold zombies (Ossuary)
  4 orc zombies
  A quokka zombie (Ossuary)
  4 rats
  5 rat zombies (Ossuary)
348 creatures vanquished.

Vanquished Creatures (others)
  A hydra (Lair:2)
  A two-headed ogre (D:8)
  A skyshark (Lair:4)
  The ghost of DocClef the Ruffian, a novice TrSh (D:6)
  An elephant (Lair:4)
  Joseph (D:7)
  A black mamba (Lair:5)
  A gargoyle (D:6)
  An orange demon (Lair:1)
  A rime drake (Lair:5)
  A cane toad (Lair:1)
  2 komodo dragons
  A polar bear (Lair:5)
  A blink frog (Lair:3)
  A wyvern (Lair:5)
  6 yaks
  2 water moccasins
  An orc warrior (D:9)
  A black bear (D:4)
  A bullfrog (D:8)
  2 wights
  An orc priest (D:8)
  Crazy Yiuf (D:7)
  3 hell rats (Lair:3)
  A gnoll (D:8)
  A river rat (D:6)
  An orc (D:8)
  A kobold (D:9)
38 creatures vanquished.

Grand Total: 429 creatures vanquished

Notes
Turn   | Place    | Note
-------+----------+-------------------------------------------
     0 | D:1      | croobank the Felid Summoner began the quest for the Orb.
     0 | D:1      | Reached XP level 1. HP: 7/7 MP: 4/4
   249 | D:1      | Reached skill level 3 in Dodging
   249 | D:1      | Reached XP level 2. HP: 8/12 MP: 1/6
   359 | D:1      | Learned a level 2 spell: Call Imp
   530 | D:1      | Reached skill level 1 in Fighting
  1355 | D:2      | Reached XP level 3. HP: 14/15 MP: 2/7
  1357 | D:2      | Noticed Terence
  1363 | D:2      | Learned a level 3 spell: Call Canine Familiar
  1470 | D:2      | Found a faded altar of an unknown god.
  1911 | D:2      | Killed Terence
  1949 | D:2      | Reached XP level 4. HP: 12/19 MP: 0/8
  2979 | D:3      | Found an iron altar of Okawaru.
  3150 | D:3      | Found an ancient bone altar of Kikubaaqudgha.
  3286 | D:3      | Found Toacar's General Store.
  3290 | D:3      | Bought a potion of heal wounds for 60 gold pieces
  3290 | D:3      | Bought a scroll of identify for 24 gold pieces
  3587 | D:3      | Reached skill level 4 in Dodging
  3775 | D:3      | Reached XP level 5. HP: 22/22 MP: 2/10
  3779 | D:3      | Learned a level 3 spell: Summon Guardian Golem
  4136 | D:4      | Noticed a black bear
  4370 | D:4      | Reached skill level 1 in Hexes
  4415 | D:4      | Found a radiant altar of Vehumet.
  4551 | D:4      | Noticed an ogre
  4564 | D:4      | Killed an ogre
  4565 | D:4      | Reached skill level 5 in Summonings
  4565 | D:4      | Gained mutation: You are covered in thick fur. (AC +2)
                  | [Felid growth]
  4565 | D:4      | Reached XP level 6. HP: 27/27 MP: 3/12
  4904 | D:4      | Reached skill level 5 in Dodging
  5150 | D:4      | Reached XP level 7. HP: 31/31 MP: 7/13
  5155 | D:4      | Learned a level 4 spell: Summon Lightning Spire
  5659 | D:5      | Entered Level 5 of the Dungeon
  6108 | D:5      | Reached skill level 1 in Air Magic
  6680 | D:5      | Found a staircase to the Ecumenical Temple.
  6809 | D:5      | Reached skill level 6 in Dodging
  6809 | D:5      | Reached XP level 8. HP: 36/36 MP: 6/15
  7176 | D:6      | Reached skill level 5 in Hexes
  7294 | D:6      | Learned a level 2 spell: Blink
  7344 | D:6      | Found a runed translucent door.
  7354 | D:6      | Noticed DocClef's ghost (novice TrSh)
  7368 | D:6      | Reached skill level 1 in Translocations
  7378 | D:6      | Killed DocClef's ghost
  7379 | D:6      | Reached skill level 7 in Dodging
  7390 | D:6      | Found a runed translucent door.
  7519 | D:6      | Noticed a nameless horror
  7550 | D:6      | Killed a nameless horror
  7554 | D:6      | Slain by an acid dragon
  7587 | D:6      | Reached skill level 5 in Spellcasting
  7587 | D:6      | Reached XP level 9. HP: 29/40 MP: 12/17
  7593 | D:6      | Reached skill level 5 in Fighting
  7859 | D:6      | Noticed a gargoyle
  7887 | D:6      | Killed a gargoyle
  7888 | D:6      | Reached skill level 8 in Dodging
  8317 | D:7      | Found a sand-covered staircase.
  8351 | Ossuary  | Entered an ossuary
  9543 | Temple   | Entered the Ecumenical Temple
  9666 | D:7      | Noticed Pikel
  9673 | D:7      | Killed Pikel
  9674 | D:7      | Reached skill level 9 in Dodging
 10087 | D:7      | Noticed Joseph
 10101 | D:7      | Killed Joseph
 10102 | D:7      | Reached XP level 10. HP: 30/45 MP: 7/20
 10756 | D:7      | Noticed Jeremiah
 10768 | D:7      | Killed Jeremiah
 11247 | D:7      | Found a runed translucent door.
 11248 | D:7      | Noticed Crazy Yiuf
 11256 | D:7      | Killed Crazy Yiuf
 11523 | D:8      | Reached skill level 5 in Air Magic
 11580 | D:8      | Found a staircase to the Lair.
 11851 | D:8      | Identified a scroll of acquirement
 11851 | D:8      | Identified the "Walu" (You acquired it on level 8 of the
                  | Dungeon)
 11851 | D:8      | Acquired a ring of resist corrosion
 12382 | D:8      | Noticed a two-headed ogre
 12410 | D:8      | Killed a two-headed ogre
 12877 | D:8      | Found a basalt altar of Yredelemnul.
 12893 | D:8      | Reached skill level 10 in Dodging
 13262 | D:8      | Found an opulent altar of Gozag.
 13267 | D:8      | Became a worshipper of Gozag Ym Sagoz the Greedy
 13375 | D:3      | Bought a scroll of poison for 48 gold pieces
 13375 | D:3      | Bought 2 potions of cancellation for 192 gold pieces
 13474 | D:9      | Noticed a two-headed ogre
 13486 | D:9      | Killed a two-headed ogre
 13527 | D:9      | Reached XP level 11. HP: 50/50 MP: 12/22
 13880 | D:9      | Found a staircase to the Orcish Mines.
 14332 | D:10     | Entered Level 10 of the Dungeon
 14509 | D:10     | Noticed a two-headed ogre
 14522 | D:10     | Killed a two-headed ogre
 14537 | D:10     | Reached skill level 11 in Dodging
 14790 | D:10     | Noticed a fire giant
 14810 | D:10     | Killed from afar by a fire giant
 15103 | Lair:1   | Entered Level 1 of the Lair of Beasts
 15228 | Lair:1   | Noticed Gastronok
 15252 | Lair:1   | Killed Gastronok
 15464 | Lair:1   | Noticed a boulder beetle
 15477 | Lair:1   | Killed a boulder beetle
 15920 | Lair:1   | Noticed Amaemon
 15933 | Lair:1   | Killed Amaemon
 16552 | Lair:1   | Noticed a six-headed hydra
 16577 | Lair:1   | Killed a six-headed hydra
 17047 | Lair:1   | Reached skill level 12 in Dodging
 17047 | Lair:1   | Gained mutation: Your thick and shaggy fur keeps you warm.
                  | (AC +3, rC+) [Felid growth]
 17047 | Lair:1   | Reached XP level 12. HP: 35/56 MP: 23/25
 17225 | Lair:2   | Noticed a four-headed hydra
 17316 | Lair:2   | Killed a four-headed hydra
 17432 | Lair:2   | Found the +1 robe of Vines {NoPotionHeal Regen++++}
 17456 | Lair:2   | Reached skill level 10 in Summonings
 17534 | Lair:2   | Noticed a six-headed hydra
 17546 | Lair:2   | Killed a six-headed hydra
 18505 | Lair:2   | Reached skill level 13 in Dodging
 18523 | Lair:2   | Mangled by a komodo dragon
 19110 | Lair:2   | Reached skill level 10 in Fighting
 19174 | Lair:2   | Found a staircase to the Snake Pit.
 19452 | Lair:3   | Slain by a black mamba
 19827 | Lair:3   | Reached skill level 14 in Dodging
 19834 | Lair:3   | Reached skill level 10 in Spellcasting
 19864 | Lair:3   | Reached XP level 13. HP: 33/62 MP: 21/28
 19874 | Lair:3   | Found the +8 mithril axe "Arga" {speed, Will+}
 20718 | Lair:3   | Found a staircase to the Shoals.
 20871 | Lair:3   | Identified the staff "Istryrio" {rC+ Int+2 Ice}
 21007 | Lair:4   | Reached skill level 15 in Dodging
 21426 | Lair:4   | Learned a level 5 spell: Borgnjor's Vile Clutch
 21434 | Lair:4   | Learned a level 7 spell: Summon Hydra
 22056 | Lair:5   | Entered Level 5 of the Lair of Beasts
 22057 | Lair:5   | Found a staircase to the Slime Pits.
 22057 | Lair:5   | Found a viscous altar of Jiyva.
 22187 | Lair:5   | Noticed a nameless horror
 22191 | Lair:5   | Reached skill level 1 in Necromancy
 23550 | Lair:4   | Slain by a nameless horror
 23564 | Lair:4   | Killed a nameless horror
 23594 | Lair:4   | Reached skill level 1 in Earth Magic
 24449 | Lair:5   | Found a runed translucent door.
 24450 | Lair:5   | Noticed Jaurgh's ghost (journeyman DsMo)
 24505 | Lair:5   | HP: 3/64 [molten gargoyle/bolt of magma (34)]
 24563 | Lair:5   | Slain by a nameless horror

Illustrated notes

Levels and vault maps discovered:
D:1:      dpeg_arrival_connections, layout_basic
D:2:      layout_basic, ebering_ecumenical_altar_sacrificial,
          minmay_gold_behind_fungi, minmay_tree_intersection,
          kennysheep_another_room, minmay_fractal_squares_gapless_5,
          uniq_terence
D:3:      layout_loops_corners, lemuel_doored_altar, okawaru_trees_2,
          serial_shops, shop, dk_noncrumbling_4, kennysheep_flooded_box,
          st_stairs_5
D:4:      layout_loops_ring, vehumet_altar_wand_db, nicolae_the_louvre
D:5:      layout_loops_ring, temple_green
D:6:      layout_gridville, ebering_ghost_sewer_f, minmay_chambers_of_fives
D:7:      layout_layer_cave, serial_undead, serial_undead_a, serial_undead_a,
          serial_undead_c, serial_undead_e, nicolae_ossuary_entry_catacombs,
          uniq_pikel, uniq_crazy_yiuf_cottage, uniq_joseph, uniq_jeremiah
D:8:      layout_basic, kennysheep_little_box, general_overflow_altar,
          dpeg_oklobed_lair
D:9:      layout_rooms, david_orc_5
D:10:     layout_basic, minmay_overflow_temple_star_quad,
          kennysheep_just_a_vault
Temple:   nicolae_temple_great_sept
Lair:1:   layout_loops_ring, serial_bayou_pond_d,
          cheibrodos_lair_caveside_slide, st_stairs_5, serial_bayou_shore_b,
          infiniplex_staircase_pool_2, uniq_gastronok, uniq_amaemon
Lair:2:   layout_layer_cave, nicolae_snake_entry_warm_welcome,
          fungi_pond_lemuel, hellmonk_guarded_unrand_vines, grunt_megastairs_1,
          infiniplex_staircase_pool
Lair:3:   layout_misc_corridors, mainiacjoe_shoals_entry_four_pools,
          minmay_lindwurm_lava, serial_bayou_shore_b, grunt_megastairs_5
Lair:4:   layout_misc_corridors
Lair:5:   cheibrodos_lair_end_hotspot, layout_cave_pods, slime_entry_1,
          gammafunk_ghost_grave

Skill      XL: |  1  2  3  4  5  6  7  8  9 10 11 12 13 |
---------------+----------------------------------------+-----
Dodging        | 3 4 5 6 7 9 10 12 14 15 | 15.6
Fighting       | 1 2 3 4 6 7 8 10 11 | 11.9
Spellcasting   | 3 4 5 6 7 8 10 | 10.1
Hexes          | 2 3 4 5 |  5.0
Summonings     | 5 6 7 8 9 10 | 10.2
Air Magic      | 1 3 4 5 7 |  7.0
Translocations | 3 |  3.0
Necromancy     | 2 |  2.8
Earth Magic    | 2 |  2.4
Stealth        | |  2.6

Action                     |  1- 3 |  4- 6 |  7- 9 | 10-12 | 13-15 || total
---------------------------+-------+-------+-------+-------+-------++-------
  Melee: Unarmed           |    33 |    38 |   104 |    62 |    55 ||   292
         Bite              |     1 |     7 |    18 |    12 |    16 ||    54
         Punch             |       |       |     4 |     1 |     1 ||     6
   Cast: Summon Small Mamm |    43 |    24 |    42 |    29 |     6 ||   144
         Call Imp          |    18 |    24 |    33 |    30 |     4 ||   109
         Call Canine Famil |     9 |    33 |    48 |    63 |    20 ||   173
         Summon Guardian G |       |     4 |    12 |    39 |    26 ||    81
         Summon Lightning  |       |       |    19 |    78 |    43 ||   140
         Blink             |       |       |       |     1 |     1 ||     2
         Summon Hydra      |       |       |       |       |     3 ||     3
         Borgnjor's Vile C |       |       |       |       |     3 ||     3
  Evoke: Wand              |     2 |       |     9 |     7 |    32 ||    50
         Sack of spiders   |       |       |       |       |     1 ||     1
    Use: Scroll            |       |     1 |    18 |     8 |     2 ||    29
         Potion            |       |       |     1 |       |     5 ||     6
   Stab: Sleeping          |     2 |     4 |     2 |     1 |     2 ||    11
         Distracted        |       |       |     3 |       |     1 ||     4
 Armour: Skin              |    19 |    16 |    56 |    72 |    58 ||   221
  Dodge: Dodged            |    44 |    42 |   121 |   198 |   135 ||   540
   Form: Beast             |       |       |     1 |       |       ||     1

Table legend: (Time is in decaauts)
 A = Elapsed time spent in this place.
 B = Non-inter-level travel time spent in this place.
 C = Inter-level travel time spent in this place.
 D = Time resting spent in this place.
 E = Time spent auto-exploring this place.
 F = Levels seen in this place.
 G = Mean time per level.
                   A        B        C        D        E       F      G
               +--------+--------+--------+--------+--------+-----+--------+
         Total |  22403 |  21595 |    808 |   5934 |  10751 |  17 | 1317.8 |
       Dungeon |  12968 |  12401 |    567 |   2235 |   7434 |  10 | 1296.8 |
        Temple |      1 |      0 |      1 |      0 |      0 |   1 |    1.0 |
          Lair |   8736 |   8497 |    239 |   3624 |   3035 |   5 | 1747.2 |
       Ossuary |    696 |    696 |      0 |     74 |    282 |   1 |  696.0 |
               +--------+--------+--------+--------+--------+-----+--------+

Top non-repeatable levels by time:
     D:7: 2389 daAuts
  Lair:3: 2151 daAuts
  Lair:1: 2130 daAuts
  Lair:4: 2021 daAuts
  Lair:2: 1845 daAuts
     D:8: 1506 daAuts
     D:3: 1478 daAuts
     D:5: 1433 daAuts
     D:4: 1382 daAuts
     D:1: 1302 daAuts
     D:6: 1004 daAuts
     D:2: 991 daAuts
     D:9: 799 daAuts
 Ossuary: 696 daAuts
    D:10: 679 daAuts
